AoeStats
← KingMLG

Arena

506347979Analyzed
1v1 RM · 18d ago on Sep 13, 2026· 42m 20s· 2 players
Game mode
Random Map
Map size
Tiny (2 player)
Population
200
Speed
Normal
Resources
Standard
Victory
Conquest
Starting age
Dark Age
Ending age
Imperial Age
RankedLock teamsTeams togetherTeam positionsShared explorationLock speedFull tech treeHidden civsTurbo modeCheats
Victory
Defeat
🇨🇳 Franks · China
881
+38
🇳🇱 Bohemians · Netherlands
859
-24
KingMLG
10:11 Feudal Age
12:11 Loom
15:12 Castle Age
13:34 Double-Bit Axe
13:31 Horse Collar
16:59 Fervor
17:29 Bow Saw
23:19 Wheelbarrow
22:37 Pikeman
23:20 Squires
26:01 Town Watch
27:22 Heavy Plow
32:44 Imperial Age
31:14 Redemption
31:29 Forging
33:15 Wagenburg Tactics
32:50 Halberdier
35:20 Iron Casting
35:57 Chemistry
40:24 Ballistics
39:58 Houfnice
wuleiming12345
7:20 Loom
12:30 Feudal Age
13:55 Double-Bit Axe
16:48 Castle Age
16:21 Gold Mining
16:54 Scale Barding Armor
18:07 Husbandry
21:33 Town Watch
23:32 Squires
25:55 Murder Holes
26:21 Ballistics
26:23 Fletching
26:01 Pikeman
29:23 #83
29:15 Elite Skirmisher
34:47 Imperial Age
32:53 Wheelbarrow
32:35 Bodkin Arrow
33:18 Masonry
35:17 Bow Saw
34:37 Crossbowman
36:33 Conscription
37:21 Forging
37:07 Cavalier
43:23 Chemistry
42:56 Architecture
42:12 Arrowslits
Connection lost

Rejoining the realm…

Still unreachable

The connection could not be restored.

Session expired

The server has moved on; the page needs a fresh start.